Map: [ESL] Hecate

Players

Cure

  • Race: Terran Terran
  • Spawn Location: 7:00

Clem - Winner!

  • Race: Terran Terran
  • Spawn Location: 1:00

Event: IEM Katowice 2024

VOD

Have the link to the VOD?

Description

Time

  • Played on: Feb. 8, 2024, 8:11 a.m.
  • Length: 8:07

All games in this series

Show
View Real Time Build Order
Export as new Build Order

Cure Terran 

Build Orders: Cyclone Opening 

Get SALT Encoding   

  12  0:00  SCV  
  13  0:12  SCV  
  14  0:17  Supply Depot  
  14  0:24  SCV  
  15  0:38  SCV  
  15  0:39  Barracks  
  16  0:43  Refinery  
  16  0:56  Barracks  
  16  0:59  SCV  
  17  1:07  Refinery  
  18  1:11  SCV  
  18  1:26  Reaper  
  18  1:28  Orbital Command  
  19  1:43  Reaper  
  19  1:44  Supply Depot  
  20  1:54  SCV  
  21  1:58  Reaper  
  22  2:05  Factory  
  22  2:09  SCV  
  23  2:16  Reaper  
  23  2:21  SCV  
  25  2:30  Reaper  
  25  2:34  SCV  
  25  2:47  SCV  
  25  2:48  Reaper  
  25  2:50  Cyclone  
  27  2:59  SCV  
  27  3:11  SCV  
  27  3:12  Barracks Reactor  
  28  3:14  Starport  
  28  3:19  Supply Depot  
  28  3:23  Cyclone, SCV  
  31  3:35  Supply Depot  
  31  3:41  SCV  
  31  3:53  SCV  
  32  4:05  SCV  
  33  4:10  Cyclone  
  33  4:11  Cyclone  
  33  4:12  Command Center  
  37  4:17  Medivac  
  37  4:21  SCV  
  40  4:27  Supply Depot  
  40  4:29  Barracks Tech Lab  
  40  4:33  SCV  
  41  4:44  Cyclone x2  
  45  4:47  SCV  
  46  4:58  Supply Depot  
  46  4:59  Raven, SCV  
  49  5:11  SCV  
  50  5:17  Refinery  
  50  5:20  Cyclone x2  
  51  5:23  SCV  
  52  5:30  Orbital Command  
  52  5:35  SCV  
  53  5:44  Raven  
  53  5:47  SCV  
  56  5:52  Cyclone  
  58  5:57  SCV  
  58  6:00  SCV  
  60  6:04  Command Center  
  60  6:05  Interference Matrix  
  59  6:14  SCV x2  
  59  6:15  Cyclone  
  63  6:21  Supply Depot x2  
  63  6:24  Cyclone  
  65  6:26  SCV x2  
  65  6:28  Raven  
  70  6:35  Barracks Tech Lab  
  70  6:36  Refinery  
  70  6:38  SCV x2  
  70  6:52  SCV x2  
  70  6:53  Cyclone  
  72  6:56  Cyclone  
  72  7:00  Marine  
  75  7:04  SCV  
  75  7:05  Barracks, SCV  
  75  7:07  Barracks  
  77  7:13  Starport Reactor  
  72  7:17  Marine, SCV x2  
  73  7:23  Engineering Bay  
  73  7:25  Supply Depot, Engineering Bay  
  73  7:27  Cyclone  
  73  7:29  Cyclone, SCV x2  
  79  7:35  Marine  
  67  7:45  SCV x2  
  67  7:54  Command Center  
Show
View Real Time Build Order
Export as new Build Order

Clem Terran - Winner!

Build Orders: Cyclone Opening 

Get SALT Encoding   

  12  0:00  SCV  
  13  0:12  SCV  
  14  0:17  Supply Depot  
  14  0:24  SCV  
  15  0:39  SCV  
  15  0:41  Barracks  
  16  0:43  Refinery  
  16  0:51  SCV  
  16  0:52  Refinery  
  17  1:03  SCV  
  18  1:15  SCV  
  19  1:27  Orbital Command, Reaper  
  19  1:29  Supply Depot  
  20  1:39  Factory  
  20  1:54  SCV  
  20  1:59  Reaper  
  22  2:06  SCV  
  23  2:17  Command Center  
  23  2:19  SCV  
  24  2:26  Cyclone  
  25  2:31  SCV  
  25  2:33  Reaper  
  26  2:43  SCV  
  27  2:56  SCV  
  28  3:01  Cyclone  
  30  3:08  SCV  
  30  3:11  Starport  
  30  3:16  Barracks Reactor  
  30  3:22  SCV, Supply Depot  
  31  3:43  SCV  
  31  3:47  Medivac  
  34  3:51  Supply Depot  
  34  3:54  Refinery  
  34  3:55  SCV  
  35  3:57  Cyclone x2  
  39  4:02  Barracks Tech Lab  
  39  4:13  SCV  
  39  4:15  Orbital Command  
  40  4:25  SCV  
  40  4:27  Raven  
  40  4:31  Cyclone  
  45  4:36  Cyclone  
  45  4:37  SCV  
  48  4:39  Barracks Tech Lab  
  48  4:41  SCV  
  49  4:49  SCV  
  50  4:53  SCV  
  50  4:59  Command Center  
  51  5:03  Raven, SCV  
  51  5:05  SCV  
  55  5:09  Cyclone  
  55  5:13  Supply Depot  
  57  5:15  Cyclone  
  57  5:17  SCV  
  57  5:20  SCV  
  60  5:25  Interference Matrix  
  60  5:26  Supply Depot  
  60  5:30  SCV  
  60  5:32  SCV  
  61  5:38  Viking  
  61  5:42  SCV  
  61  5:44  Cyclone, SCV  
  61  5:45  Marine  
  65  5:51  Cyclone  
  65  5:54  SCV  
  65  5:56  SCV  
  69  6:00  Supply Depot  
  69  6:03  Stimpack  
  69  6:06  SCV  
  69  6:07  Marine  
  69  6:09  SCV  
  72  6:12  Raven  
  72  6:13  SCV  
  75  6:18  SCV  
  75  6:24  Cyclone x2  
  79  6:26  SCV  
  79  6:30  Barracks x2  
  79  6:32  Orbital Command  
  80  6:34  SCV  
  80  6:39  Marine, Refinery  
  82  6:40  SCV  
  82  6:46  SCV  
  80  6:52  SCV  
  77  6:56  Cyclone x2  
  77  6:57  Raven, Marine  
  77  6:58  SCV  
  81  7:05  Orbital Command, Supply Depot  
  81  7:06  SCV  
  81  7:07  Engineering Bay  
  81  7:14  Marine  
  82  7:16  SCV  
  82  7:20  Barracks Reactor x2  
  82  7:21  SCV  
  82  7:24  Engineering Bay  
  82  7:28  Cyclone x2, SCV, Supply Depot  
  87  7:31  SCV  
  87  7:32  Marine  
  87  7:33  SCV  
  84  7:40  SCV  
  84  7:43  Supply Depot  
  84  7:44  SCV  
  85  7:45  SCV  
  85  7:50  Supply Depot  
  86  7:52  SCV  
  86  7:54  Barracks x2  
  86  8:05  Supply Depot  

Tags
 
Add a new tag
Caveats
  • Supply blocks, unpowered buildings, or Contaminate may cause inaccurate times.
  • Supply counts are checked every 10 seconds.